Map: Lerilak Crest

Players

Queens - Winner!

  • Race: Zerg Zerg
  • League: Grandmaster

jinjinn - Winner!

  • Race: Zerg Zerg
  • League: Grandmaster

Rayman

  • Race: Protoss Protoss
  • League: Grandmaster

kemuel

  • Race: Protoss Protoss
  • League: Grandmaster

VOD

Have the link to the VOD?

Description

Time

  • Played on: June 23, 2015, 2:34 a.m.
  • Length: 4:26
Show
View Real Time Build Order
Export as new Build Order

Queens Zerg - Winner!

Build Orders: Hatch First 

Get SALT Encoding   

  12  0:01  Drone  
  13  0:12  Overlord  
  13  0:18  Drone  
  14  0:30  Drone x2  
  14  0:35  Drone  
  17  0:54  Hatchery  
  17  0:55  Drone  
  17  0:59  Drone  
  18  1:10  Extractor  
  17  1:17  Spawning Pool  
  16  1:22  Drone x2  
  18  1:29  Drone  
  19  1:38  Overlord  
  19  1:50  Drone  
  20  2:04  Queen  
  20  2:06  Queen, Zergling x2  
  25  2:11  Metabolic Boost  
  25  2:14  Drone x2  
  27  2:18  Zergling x2  
  27  2:22  Zergling x2  
  29  2:29  Zergling x2  
  30  2:33  Zergling x2  
  31  2:40  Overlord  
  31  2:47  Pneumatized Carapace  
  31  2:49  Zergling x2  
  32  2:52  Zergling x2  
  32  2:54  Overlord  
  33  3:00  Zergling x2  
  34  3:05  Zergling x2  
  34  3:11  Zergling x2  
  34  3:12  Zergling x2  
  37  3:15  Zergling x10  
  37  3:16  Zergling x2  
  42  3:20  Overlord  
  42  3:33  Zergling x2  
  42  3:34  Zergling x4  
  44  3:44  Overlord, Zergling x6  
  47  3:50  Zergling x2  
  47  3:51  Zergling x2  
  47  4:03  Zergling x8  
  47  4:08  Zergling x2  
Show
View Real Time Build Order
Export as new Build Order

jinjinn Zerg - Winner!

Build Orders:  

Get SALT Encoding   

  12  0:01  Probe  
  13  0:12  Pylon  
  13  0:17  Probe  
  14  0:27  Probe  
  15  0:35  Probe  
  16  0:47  Probe  
  17  0:59  Nexus  
  17  1:01  Probe  
  18  1:13  Probe  
  18  1:16  Gateway  
  19  1:24  Assimilator  
  19  1:26  Probe  
  20  1:38  Probe  
  21  1:50  Probe  
  21  1:54  Pylon  
  22  2:03  Cybernetics Core  
  22  2:11  Probe  
  22  2:14  Forge  
  23  2:15  Probe  
  23  2:18  Zealot  
  23  2:21  Probe  
  23  2:22  Pylon  
  26  2:26  Probe  
  26  2:29  Warp Gate  
  28  2:30  Probe  
  28  2:34  Probe  
  29  2:40  Probe  
  31  2:45  Sentry  
  31  2:48  Photon Cannon  
  33  2:51  Probe  
  33  2:52  Probe  
  35  3:03  Probe  
  35  3:04  Probe  
  37  3:08  Assimilator  
  37  3:13  Probe  
  37  3:16  Probe  
  37  3:18  Assimilator  
  38  3:21  Mothership Core  
  40  3:28  Probe  
  40  3:33  Gateway  
  41  3:35  Gateway  
  41  3:40  Probe  
  42  3:47  Zealot  
  44  3:52  Pylon  
  44  3:54  Probe x2  
  46  4:08  Probe x2  
  42  4:15  Pylon  
Show
View Real Time Build Order
Export as new Build Order

Rayman Protoss 

Build Orders:  

Get SALT Encoding   

Show
View Real Time Build Order
Export as new Build Order

kemuel Protoss 

Build Orders:  

Get SALT Encoding   

Tags
 
Add a new tag
Caveats
  • Supply blocks, unpowered buildings, or Contaminate may cause inaccurate times.
  • Supply counts are checked every 10 seconds.